Map: 2000 Atmospheres LE

Players

Eiger - Winner!

  • Race: Protoss Protoss
  • League: Grandmaster

Iba

  • Race: Zerg Zerg
  • League: Master

VOD

Have the link to the VOD?

Description

Time

  • Played on: May 14, 2021, 2:54 p.m.
  • Length: 8:38
Show
View Real Time Build Order
Export as new Build Order

Eiger Protoss - Winner!

Build Orders: 1 Gate Expand, Oracle Opening 

Get SALT Encoding   

  12  0:00  Probe  
  13  0:12  Probe  
  14  0:19  Pylon  
  14  0:24  Probe  
  15  0:37  Probe (Chrono Boost)  
  15  0:38  Gateway  
  16  0:44  Assimilator  
  16  0:49  Probe (Chrono Boost)  
  17  0:55  Probe (Chrono Boost)  
  18  1:04  Probe  
  19  1:16  Probe  
  20  1:24  Nexus  
  20  1:34  Cybernetics Core  
  20  1:37  Probe  
  21  1:43  Assimilator  
  21  1:49  Probe  
  21  1:53  Pylon  
  22  2:01  Probe  
  23  2:09  Adept (Chrono Boost)  
  23  2:13  Probe  
  26  2:18  Stargate  
  26  2:26  Probe (Chrono Boost)  
  26  2:28  Warp Gate  
  27  2:30  Adept (Chrono Boost)  
  29  2:37  Probe (Chrono Boost)  
  29  2:44  Probe (Chrono Boost)  
  31  2:46  Probe (Chrono Boost)  
  31  2:51  Probe x2 (Chrono Boost)  
  34  3:01  Oracle (Chrono Boost)  
  34  3:02  Probe  
  34  3:03  Probe  
  39  3:12  Stalker  
  41  3:14  Probe  
  41  3:15  Probe  
  43  3:20  Pylon  
  43  3:26  Probe  
  44  3:27  Probe  
  44  3:29  Gateway  
  45  3:38  Probe  
  45  3:40  Probe  
  47  3:43  Nexus  
  47  3:48  Pylon  
  47  3:50  Probe  
  47  3:52  Probe, Oracle (Chrono Boost)  
  53  4:02  Probe  
  53  4:09  Probe, Twilight Council  
  51  4:15  Pylon  
  49  4:17  Probe, Pylon  
  49  4:21  Assimilator  
  49  4:23  Probe, Assimilator  
  49  4:29  Probe  
  49  4:30  Robotics Facility  
  50  4:35  Probe  
  51  4:40  Adept x2  
  51  4:43  Shield Battery, Probe  
  56  4:47  Probe  
  57  4:55  Blink  
  57  4:56  Probe (Chrono Boost)  
  57  4:59  Probe (Chrono Boost)  
  59  5:01  Probe (Chrono Boost), Gateway  
  59  5:02  Gateway  
  60  5:07  Pylon  
  60  5:11  Probe (Chrono Boost)  
  60  5:12  Probe (Chrono Boost)  
  60  5:14  Probe (Chrono Boost), Sentry  
  63  5:15  Sentry  
  63  5:17  Probe x2 (Chrono Boost)  
  63  5:20  Probe  
  70  5:22  Observer  
  70  5:23  Forge  
  70  5:25  Probe  
  70  5:27  Probe, Assimilator x2  
  73  5:32  Probe  
  74  5:37  Probe  
  74  5:40  Probe  
  74  5:41  Robotics Bay  
  76  5:44  Probe  
  78  5:50  Probe  
  78  5:52  Probe, Warp Prism  
  78  5:53  Protoss Ground Weapons Level 1 (Chrono Boost)  
  78  5:56  Probe  
  82  5:57  Gateway  
  82  5:58  Gateway  
  82  6:02  Probe  
  82  6:04  Probe, Gateway  
  84  6:08  Probe  
  85  6:11  Phoenix  
  85  6:13  Pylon  
  85  6:14  Probe  
  85  6:16  Probe  
  85  6:17  Sentry  
  85  6:18  Stalker x2  
  93  6:22  Pylon  
  93  6:29  Observer  
  93  6:31  Nexus, Probe x3  
  93  6:32  Pylon  
  96  6:39  Phoenix  
  98  6:45  Robotics Facility  
  98  6:49  Gateway x2  
  98  6:55  Gateway  
  98  6:56  Gateway  
  98  6:58  Pylon  
  104  7:04  Shield Battery  
  104  7:08  Stalker x2  
  104  7:09  Stalker  
  110  7:16  Shield Battery  
  110  7:18  Disruptor (Chrono Boost)  
  110  7:21  Shield Battery  
  105  7:26  Pylon, Stalker x2  
  105  7:27  Sentry  
  111  7:33  Gateway  
  111  7:38  Gateway  
  111  7:39  Sentry  
  111  7:45  Disruptor (Chrono Boost)  
  111  7:46  Disruptor (Chrono Boost)  
  111  7:54  Stalker x8  
  127  8:12  Stalker x2  
  123  8:26  Stalker x3  
  123  8:27  Stalker x3  
Show
View Real Time Build Order
Export as new Build Order

Iba Zerg 

Build Orders: Hatch First 

Get SALT Encoding   

  12  0:00  Drone  
  13  0:12  Overlord  
  13  0:16  Drone  
  14  0:31  Drone  
  14  0:32  Drone  
  16  0:51  Hatchery  
  16  0:52  Drone  
  16  0:56  Drone  
  17  0:59  Drone  
  18  1:10  Extractor  
  17  1:15  Spawning Pool  
  17  1:17  Drone  
  17  1:22  Drone  
  18  1:30  Drone  
  19  1:41  Overlord  
  19  1:56  Drone  
  20  2:01  Queen  
  20  2:03  Queen  
  20  2:04  Zergling x4  
  26  2:13  Drone  
  26  2:15  Drone  
  28  2:17  Metabolic Boost  
  28  2:28  Drone x2  
  30  2:41  Hatchery  
  29  2:47  Drone  
  29  2:48  Drone  
  31  2:52  Overlord, Drone  
  31  2:58  Queen  
  34  3:03  Drone  
  34  3:04  Drone  
  36  3:11  Zergling x4  
  38  3:13  Queen  
  38  3:19  Overlord  
  40  3:26  Drone x4  
  44  3:37  Queen  
  44  3:38  Overlord  
  44  3:40  Drone  
  47  3:44  Drone  
  47  3:46  Drone x2  
  50  3:48  Drone  
  50  3:52  Drone  
  50  3:53  Overlord  
  52  3:56  Spore Crawler  
  49  4:07  Drone x4  
  53  4:14  Drone x2  
  56  4:19  Queen  
  56  4:21  Queen  
  59  4:30  Lair  
  57  4:32  Extractor x2  
  57  4:35  Drone x3  
  57  4:38  Drone x4  
  58  4:39  Drone x2  
  58  4:43  Spore Crawler  
  61  4:47  Drone  
  62  4:53  Overlord  
  62  4:54  Drone x4  
  62  4:56  Zergling x2  
  67  5:12  Drone x4  
  69  5:21  Spore Crawler, Drone  
  70  5:22  Drone x2  
  70  5:23  Overlord, Drone  
  70  5:28  Overlord  
  72  5:31  Extractor  
  72  5:33  Extractor  
  70  5:36  Overlord x2  
  70  5:41  Drone  
  71  5:43  Roach Warren  
  71  5:45  Drone  
  70  5:55  Zergling x12  
  76  5:57  Overlord x2  
  76  6:01  Drone  
  76  6:02  Drone x2  
  79  6:08  Overlord  
  78  6:25  Spore Crawler  
  78  6:27  Roach x7  
  78  6:29  Spore Crawler  
  78  6:30  Roach  
  93  6:33  Roach  
  93  6:34  Roach x2  
  93  6:36  Roach x2  
  93  6:37  Roach  
  93  6:38  Roach  
  93  6:39  Roach x2  
  113  6:40  Roach  
  113  6:41  Roach  
  113  6:44  Roach  
  118  6:52  Roach x2  
  122  6:56  Roach  
  124  7:02  Roach x2  
  124  7:03  Roach x3  
  124  7:04  Overlord  
  124  7:05  Overlord x2  
  134  7:10  Roach x2  
  134  7:12  Overlord x2  
  138  7:20  Overlord x2  
  138  7:24  Ravager x11  
  138  7:26  Roach x2  
  138  7:29  Roach x2  
  157  7:33  Evolution Chamber  
  155  7:37  Roach x2  
  155  7:44  Roach  
  155  7:46  Roach  
  160  7:51  Roach x2  
  138  8:06  Roach  
  138  8:07  Roach x2  
  138  8:10  Roach  
  138  8:11  Roach  
  145  8:13  Roach  
Tags
 
Add a new tag
Caveats
  • Supply blocks, unpowered buildings, or Contaminate may cause inaccurate times.
  • Supply counts are checked every 10 seconds.